 Dungeon Crawl Stone Soup version 0.24.0-125-gc4c63601f3 (webtiles) character file.

Game seed: 13151976991723702834, levelgen mode: deterministic

62 Amplified the Magician (level 3, -7/27 HPs)
             Began as a Mummy Air Elementalist on Mar 14, 2020.
             Mangled by Sigmund
             ... wielding a +0 scythe
              (16 damage)
             ... on level 2 of the Dungeon.
             The game lasted 00:04:12 (1712 turns).

Amplified the Magician (Mummy Air Elementalist)     Turns: 1712, Time: 00:04:12

Health: -7/27      AC:  2    Str: 12    XL:     3   Next: 85%
Magic:  17/17      EV: 12    Int: 14    God:
Gold:   45         SH:  0    Dex: 12    Spells: 6/9 levels left

rFire    x . .     SeeInvis .   d - +2 spear (freeze)
rCold    + . .     Gourm    .   (no shield)
rNeg     + + +     Faith    +   a - +0 robe
rPois    ∞         Spirit   .   (no helmet)
rElec    .         Reflect  .   (no cloak)
rCorr    .         Harm     .   (no gloves)
MR       .....                  (no boots)
Stlth    ++........             g - amulet of faith
HPRegen  0.09/turn              b - ring of magical power
MPRegen  0.15/turn              (no ring)

@: no status effects
A: no food or potions, fire vulnerability, cold resistance 1, negative energy
resistance 3, torment resistance, unbreathing
a: no special abilities


You were on level 2 of the Dungeon.
You were not hungry.

You visited 1 branch of the dungeon, and saw 3 of its levels.

You collected 45 gold pieces.

Inventory:

Hand Weapons
 c - a +0 spear
 d - a +2 spear of freezing (weapon)
Armour
 a - a +0 robe (worn)
Jewellery
 b - a ring of magical power (left hand)
 g - an amulet of faith (around neck)
Wands
 f - a wand of paralysis (10)
Scrolls
 e - a scroll of remove curse


   Skills:
 * Level 1.9 Fighting
 * Level 0.7 Polearms
 - Level 1.5 Dodging
 - Level 1.5 Stealth
 * Level 3.7 Spellcasting
 - Level 0.7 Conjurations
 - Level 2.8 Air Magic


You had 6 spell levels left.
You knew the following spells:

 Your Spells              Type           Power        Failure   Level  Hunger
a - Shock                 Conj/Air       #...         10%         1    N/A
b - Swiftness             Chrm/Air       #.......     17%         2    N/A

Your spell library contained the following spells:

 Spells                   Type           Power        Failure   Level  Hunger
 Static Discharge         Conj/Air       #.......     28%         3    N/A
 Airstrike                Air            ##........   52%         4    N/A
 Lightning Bolt           Conj/Air       #.........   95%         5    N/A

Dungeon Overview and Level Annotations

Branches:
Dungeon (3/15)

Altars:
Nemelex Xobeh

Annotations:
D:2 Nice halberd, Sigmund


Innate Abilities, Weirdness & Mutations

You do not eat or drink.
Your flesh is vulnerable to fire.
You are immune to poison.
Your flesh is cold resistant. (rC+)
You are immune to negative energy. (rN+++)
You are immune to unholy pain and torment.
You can survive without breathing.


Message History

Something hits you.
Attack whom?
Press: ? - help, Dir - move target cursor The giant cockroach is in the way.
You hit the giant cockroach but do no damage.
The giant cockroach is severely wounded.
The giant cockroach barely misses you.
Attack whom?
Press: ? - help, Dir - move target cursor The giant cockroach is in the way.
You hit the giant cockroach. You freeze the giant cockroach.
You kill the giant cockroach!
The rat twitches its whiskers.
A magic dart appears from out of thin air!
The magic dart hits you.
Attack whom?
Press: ? - help, Dir - move target cursor You reach to attack!
You hit something but do no damage. Something hits you!
Ouch! That really hurt!
You die...

#.# #.....# .
#.# #(##### #.#
#.#
#.#########.#
#)#....g.<#.#
#.#.#######.#
#.#...g.....#
#.#############
#....@gr.......
#######{...###
#....######
#..........
#..........
##sr.......
#K........
......).........
................


You could see a hobgoblin and a rat.

Vanquished Creatures
  2 adders (D:3)
  An ooze (D:1)
  A dart slug (D:1)
  3 giant cockroaches (D:2)
  5 goblins
  5 hobgoblins
  4 jackals (D:1)
  A ball python (D:1)
  5 bats
  3 frilled lizards
  8 rats
38 creatures vanquished.

Notes
Turn   | Place    | Note
-------+----------+-------------------------------------------
     0 | D:1      | Amplified the Mummy Air Elementalist began the quest for
                  | the Orb.
     0 | D:1      | Reached XP level 1. HP: 13/13 MP: 4/4
   402 | D:1      | Reached skill level 3 in Spellcasting
   513 | D:1      | Reached XP level 2. HP: 20/20 MP: 6/6
   603 | D:1      | Reached skill level 1 in Fighting
  1147 | D:2      | Learned a level 2 spell: Swiftness
  1192 | D:2      | Reached XP level 3. HP: 21/26 MP: 7/7
  1307 | D:2      | Found a sparkling altar of Nemelex Xobeh.
  1686 | D:2      | Noticed Sigmund
  1712 | D:2      | Mangled by Sigmund

Levels and vault maps discovered:
D:1:      minmay_arrival_five_plusses, layout_basic, serial_bayou_crossing
D:2:      layout_basic, marbit_many_paths, uniq_sigmund, uniq_crazy_yiuf_cottage
D:3:      layout_loops_cross, first_ration

Skill      XL: |  1  2 |
---------------+-------+-----
Spellcasting   | 3 |  3.7
Fighting       | 1 |  1.9
Polearms       | |  0.7
Dodging        | |  1.5
Stealth        | |  1.5
Conjurations   | |  0.7
Air Magic      | |  2.8

Action                   || total
-------------------------++-------
Melee: Unarmed           ||     1
       Spear             ||    79
 Cast: Shock             ||    36
Evoke: Wand              ||     1
  Use: Scroll            ||     1
 Stab: Paralysed         ||     6
       Sleeping          ||     4
Armor: Robe              ||    21
Dodge: Dodged            ||    50
